Map: Dead of Night

Players

smonky

  • Race: Terran Terran

NamroodTuo

  • Race: Terran Terran
  • Spawn Location: 0:00

VOD

Have the link to the VOD?

Description

Time

  • Played on: Feb. 23, 2023, 10:11 a.m.
  • Length: 21:46
Show
View Real Time Build Order
Export as new Build Order

smonky Terran 

Build Orders:  

Get SALT Encoding   

  12  0:03  SCV  
  13  0:20  SCV  
  14  0:32  Refinery  
  14  0:37  SCV  
  15  0:54  SCV  
  16  1:04  Engineering Bay  
  16  1:11  SCV  
  16  1:12  Refinery  
  17  1:28  SCV  
  18  1:44  SCV  
  19  2:01  SCV  
  19  2:06  ITC-E Triggers  
  20  2:15  Refinery  
  20  2:18  SCV  
  21  2:35  SCV  
  21  2:36  Engineering Bay  
  22  2:52  SCV  
  23  3:01  Tychus  
  23  3:09  SCV  
  24  3:13  Outlaw Weapons Level 1  
  24  3:26  SCV  
  25  3:38  Outlaw Life and Armor Level 1  
  25  3:43  SCV  
  26  3:52  Gunslingers Hideout  
  26  4:00  SCV  
  27  4:17  SCV  
  28  4:30  Muscle Armory  
  28  4:34  SCV  
  29  4:51  SCV  
  30  5:01  Fixers Safehouse  
  30  5:08  SCV  
  31  5:25  SCV  
  32  5:34  Outlaw Weapons Level 2  
  32  5:42  SCV  
  32  5:45  Medivac Platform  
  32  5:49  KD9a Implosion Core  
  33  6:05  Outlaw Life and Armor Level 2  
  33  6:12  SCV  
  34  6:29  SCV  
  35  6:46  SCV  
  36  7:00  James Sirius Sykes  
  36  7:03  SCV  
  47  7:22  SCV  
  48  7:38  SCV  
  49  7:43  SA-55 Thunderbolt Missiles  
  49  7:55  SCV  
  49  7:56  Outlaw Weapons Level 3  
  50  8:12  SCV  
  51  8:51  Outlaw Life and Armor Level 3  
  51  9:07  Moebius M34 Terror Rounds  
  51  9:48  Lt Layna Nikara  
  61  10:56  Outlaw Weapons Level 4  
  61  11:17  Vega  
  71  11:31  Endurance Supplements  
  71  12:38  Vanadium Shell  
  71  13:01  Flashforce GDM Visor  
  71  13:11  Kel-Morian Ripper Rounds  
  71  13:31  Umojan Repair Nanites  
  71  13:56  Outlaw Life and Armor Level 4  
  71  14:22  D99 Detonator  
  71  14:31  Outlaw Weapons Level 5  
  71  15:32  Umojan Turret Frame  
  71  16:42  SureShot Networked Helmet  
  71  17:41  Nux  
  81  18:14  Outlaw Life and Armor Level 5  
  81  19:36  Neural Disruption Device, Moebius Psionic Motivator  
  81  19:50  Procyon Serum  
  81  20:24  Ultrasonic Boosters  
Show
View Real Time Build Order
Export as new Build Order

NamroodTuo Terran 

Build Orders:  

Get SALT Encoding   

  12  0:03  SCV  
  13  0:17  SCV  
  14  0:28  Supply Depot  
  14  0:36  SCV  
  15  0:49  SCV  
  16  1:03  SCV  
  16  1:07  Supply Depot  
  17  1:24  SCV  
  18  1:37  SCV  
  19  1:46  Refinery  
  19  1:47  Refinery  
  19  1:51  SCV, Refinery  
  20  2:04  SCV  
  21  2:18  SCV  
  22  2:20  Factory  
  22  2:31  SCV  
  23  2:45  SCV  
  24  2:56  Perdition Turret  
  24  3:07  Perdition Turret  
  24  3:11  Perdition Turret  
  24  3:28  Devastation Turret  
  24  3:29  Perdition Turret  
  24  3:30  Devastation Turret  
  24  3:36  SCV  
  25  3:49  SCV  
  25  3:53  Devastation Turret  
  26  4:17  SCV  
  27  4:26  Devastation Turret  
  27  4:31  SCV  
  27  4:34  Devastation Turret  
  28  4:44  SCV  
  29  4:56  Armory  
  29  4:58  SCV  
  30  5:12  SCV  
  31  5:30  Engineering Bay  
  31  5:35  Upgrade Laser Drill Level 1  
  31  5:38  Supply Depot  
  31  5:55  SCV  
  31  5:57  Supply Depot, Advanced Optics  
  32  6:10  Supply Depot  
  32  6:17  Perdition Turret  
  32  6:18  SCV, Perdition Turret  
  33  6:22  Perdition Turret  
  33  6:24  Perdition Turret  
  33  6:25  Perdition Turret  
  33  6:27  Supply Depot  
  33  6:32  SCV  
  33  6:36  Perdition Turret  
  34  6:45  SCV  
  34  6:49  Perdition Turret  
  35  6:59  SCV  
  36  7:03  Perdition Turret x2  
  36  7:06  Perdition Turret  
  36  7:12  SCV  
  36  7:17  Factory Tech Reactor  
  37  7:26  SCV  
  38  7:34  Factory  
  47  7:40  SCV  
  38  7:47  Factory  
  39  7:53  SCV  
  39  7:57  Regenerative Bio-Steel  
  40  8:07  SCV  
  41  8:15  Spinning Dizzy  
  41  8:20  SCV  
  42  8:34  SCV  
  42  8:36  Devastation Turret  
  43  8:40  Factory Tech Reactor  
  43  8:47  SCV  
  44  8:55  Factory Tech Reactor  
  44  8:59  Starport  
  44  9:01  SCV  
  44  9:05  Perdition Turret  
  45  9:16  Spinning Dizzy  
  45  9:19  SCV  
  46  9:30  Perdition Turret  
  46  9:33  SCV  
  46  9:37  Devastation Turret  
  47  9:43  Spinning Dizzy  
  47  9:46  SCV  
  48  9:57  Starport Tech Reactor  
  48  10:00  SCV  
  48  10:05  Devastation Turret  
  49  10:20  330mm Barrage Cannon  
  49  10:49  Perdition Turret  
  49  10:51  Perdition Turret  
  49  11:11  Devastation Turret  
  49  11:15  Perdition Turret  
  49  11:44  Spinning Dizzy, Devastation Turret  
  49  11:53  Spinning Dizzy  
  49  12:00  Devastation Turret  
  49  12:07  Thor  
  49  12:08  Thor  
  61  12:12  Spinning Dizzy  
  61  12:15  Devastation Turret  
  61  12:18  Supply Depot  
  61  12:23  Perdition Turret  
  61  12:28  Perdition Turret  
  61  12:35  Spinning Dizzy  
  61  12:41  Spinning Dizzy  
  61  12:42  Perdition Turret x2  
  61  12:43  Perdition Turret  
  61  12:45  Perdition Turret  
  61  12:48  Thor  
  61  12:49  Supply Depot  
  67  12:52  Spinning Dizzy  
  67  12:56  Terran Vehicle And Ship Armor Level 1  
  67  12:58  Devastation Turret  
  67  12:59  Fire-Suppression Systems  
  67  13:02  Perdition Turret  
  67  13:06  Perdition Turret  
  67  13:07  Perdition Turret  
  67  13:10  Perdition Turret  
  67  13:14  Perdition Turret  
  67  13:15  Perdition Turret x4  
  67  13:22  Supply Depot  
  67  13:27  Devastation Turret  
  67  13:40  Thor x2  
  67  13:44  Perdition Turret  
  79  13:52  Science Vessel x2  
  79  13:55  Supply Depot  
  79  13:59  Structure Armor  
  83  14:03  Perdition Turret  
  83  14:05  Perdition Turret x3  
  83  14:14  Perdition Turret  
  83  14:15  Perdition Turret x2  
  83  14:17  Perdition Turret x2  
  83  14:26  Devastation Turret  
  83  14:29  Perdition Turret  
  83  14:31  Perdition Turret  
  83  14:35  Perdition Turret  
  81  14:41  Perdition Turret  
  81  14:43  Devastation Turret  
  79  14:53  Spinning Dizzy  
  79  14:57  Perdition Turret  
  79  14:59  Perdition Turret  
  79  15:00  Spinning Dizzy  
  79  15:01  Perdition Turret  
  79  15:02  Perdition Turret  
  79  15:13  Perdition Turret  
  79  15:18  Perdition Turret  
  79  15:20  Science Vessel x2  
  79  15:24  Thor x2  
  95  15:36  Terran Vehicle and Ship Weapons Level 1  
  95  16:09  Supply Depot  
  95  16:11  Supply Depot  
  95  16:39  Thor, Science Vessel  
  103  16:41  Supply Depot  
  103  16:45  Supply Depot  
  103  17:13  Supply Depot  
  103  17:19  Supply Depot  
  103  17:58  Thor x3  
  103  17:59  Thor x3  
  139  18:46  Perdition Turret  
  139  18:47  Perdition Turret  
  139  18:49  Perdition Turret  
  139  18:50  Perdition Turret  
  139  19:17  Perdition Turret x2  
  139  19:25  Perdition Turret  
  139  19:43  Perdition Turret  
  139  19:44  Perdition Turret  
  139  20:34  Perdition Turret  
  139  20:44  Perdition Turret x2  
  139  20:45  Perdition Turret  
  139  20:48  Perdition Turret  
  139  20:53  Perdition Turret  
  139  21:03  Perdition Turret  
  139  21:07  Perdition Turret  
  139  21:08  Perdition Turret x3  
  139  21:10  Perdition Turret  
  139  21:25  Perdition Turret  
  139  21:26  Perdition Turret  
  139  21:27  Perdition Turret  
  139  21:28  Perdition Turret  
Tags
 
Commander
SwannTychus
Matchup
Co-op
Replay Pack
Multiplayer
Add a new tag
Caveats
  • Supply blocks, unpowered buildings, or Contaminate may cause inaccurate times.
  • Supply counts are checked every 10 seconds.